 Dungeon Crawl Stone Soup version 0.25-a0-265-g7af84ae0ac (webtiles) character file.

Game seed: 15243460835059188892, levelgen mode: deterministic

10236 Nagy the Thaumaturge (level 11, -1/82 HPs)
             Began as a Purple Draconian Ice Elementalist on Dec 8, 2019.
             Was an Elder of Sif Muna.
             Slain by a white ugly thing (9 damage)
             ... on level 11 of the Dungeon.
             The game lasted 00:58:25 (12780 turns).

Nagy the Thaumaturge (DrIE)                        Turns: 12780, Time: 00:58:26

Health: -1/82      AC: 12    Str: 11    XL:     11   Next: 33%
Magic:  11/24      EV: 14    Int: 21    God:    Sif Muna [****..]
Gold:   628        SH:  0    Dex: 11    Spells: 9/34 levels left

rFire    x . .     SeeInvis .   d - +2 dagger (holy)
rCold    + . .     Gourm    .   (no shield)
rNeg     . . .     Faith    .   (armour unavailable)
rPois    +         Spirit   .   (helmet restricted)
rElec    .         Reflect  .   h - +1 cloak
rCorr    .         Harm     .   o - +2 pair of gloves
MR       ++...                  (no boots)
Stlth    ++........             n - amulet of magic regeneration
HPRegen  0.23/turn              g - ring of protection from magic
MPRegen  0.44/turn              k - ring of ice

@: very slightly contaminated
A: breathe power, unfitting armour, hooves 1, clever 1, low mp 1, poison
resistance, cold-blooded, AC +7
a: Breathe Dispelling Energy, Channel Magic, Forget Spell, Divine Exegesis,
Renounce Religion


You were on level 11 of the Dungeon.
You worshipped Sif Muna.
Sif Muna was greatly pleased with you.
You were not hungry.

You visited 2 branches of the dungeon, and saw 12 of its levels.

You collected 628 gold pieces.

Inventory:

Hand Weapons
 c - a +0 mace
 d - a +2 dagger of holy wrath (weapon)
 s - a +0 dagger of pain
 t - a +1 falchion of flaming
 w - a +0 quarterstaff of freezing
Armour
 h - a +1 cloak (worn)
 o - a +2 pair of gloves (worn)
Magical Staves
 x - an uncursed staff of poison
Jewellery
 b - an uncursed amulet of rage
 g - a ring of protection from magic (left hand)
 k - a ring of ice (right hand)
 n - an amulet of magic regeneration (around neck)
Wands
 i - a wand of enslavement (3)
 u - a wand of acid (4)
 y - a wand of scattershot (5)
Scrolls
 a - 2 scrolls of amnesia
 f - 5 scrolls of remove curse
 j - 8 scrolls of identify
 m - a scroll of fog
 q - a scroll of enchant armour
 v - a scroll of teleportation
Potions
 e - a potion of brilliance
 p - a potion of haste
 r - 3 potions of flight
 z - a potion of curing
 A - a potion of agility
Comestibles
 l - 8 rations


   Skills:
 + Level 3.5 Fighting
 + Level 1.5 Short Blades
 + Level 4.1 Maces & Flails
 + Level 5.0 Dodging
 + Level 2.9 Stealth
 + Level 0.2 Unarmed Combat
 + Level 12.1 Spellcasting
 + Level 1.9 Conjurations
 + Level 1.0 Hexes
 + Level 0.5 Charms
 + Level 2.4 Summonings
 + Level 11.3 Ice Magic
 + Level 0.5 Evocations


You had 9 spell levels left.
You knew the following spells:

 Your Spells              Type           Power        Failure   Level  Hunger
a - Freeze                Ice            ####         1%          1    None
b - Ozocubu's Armour      Chrm/Ice       ######..     1%          3    None
c - Summon Ice Beast      Ice/Summ       ######..     3%          4    None
d - Hailstorm             Conj/Ice       ######..     3%          4    None
e - Ice Form              Ice/Tmut       ######..     4%          4    None
f - Tukima's Dance        Hex            ###.....     11%         3    None
g - Gell's Gravitas       Tloc           ##........   16%         3    None
h - Confuse               Hex            ###.....     11%         3    None

Your spell library contained the following spells:

 Spells                   Type           Power        Failure   Level  Hunger
 Ensorcelled Hibernation  Hex/Ice        ######       1%          2    None
 Confusing Touch          Hex            ###...       3%          1    None
 Corona                   Hex            ###....      3%          1    None
 Beastly Appendage        Tmut           ##....       4%          1    None
 Sticks to Snakes         Tmut           ##......     8%          2    None
 Dazzling Flash           Conj/Hex       ###...       9%          3    None
 Metabolic Englaciation   Hex/Ice        ######....   12%         5    ####...
 Spider Form              Tmut/Pois      ##........   16%         3    None
 Petrify                  Tmut/Erth      ##......     45%         4    None
 Yara's Violent Unravell  Hex/Tmut       ###.......   75%         5    ####...
 Blade Hands              Tmut           ##........   80%         5    ####...


Dungeon Overview and Level Annotations

Branches:
Dungeon (11/15)            Temple (1/1) D:4            Lair (0/6) D:8
    Orc (0/2) D:10

Altars:
Ashenzari
Cheibriados
Dithmenos
Elyvilon
Fedhas
Gozag
Hepliaklqana
Kikubaaqudgha
Makhleb
Nemelex Xobeh
Okawaru
Qazlal
Ru
Sif Muna
Trog
Uskayaw
Vehumet
Wu Jian
Xom
Yredelemnul
Zin
The Shining One

Annotations:
D:6 1 transporter, an12's ghost, novice DrIE


Innate Abilities, Weirdness & Mutations

You can breathe bolts of dispelling energy.
Your rich purple scales are hard. (AC +7)
You cannot fit into any form of body armour.
You are cold-blooded and may be slowed by cold attacks.
You have large cloven feet.
Your mind is acute. (Int +2)
Your magical capacity is low. (-10% MP)
Your system is resistant to poisons. (rPois)


Message History

* * * LOW HITPOINT WARNING * * *
Your ice beast hits the white ugly thing.
Your ice beast freezes the white ugly thing!
The white ugly thing resists.
You feel better.
Your ice beast misses the white ugly thing.
The white ugly thing misses you.
Your ice beast hits the white ugly thing but does no damage.
Aiming: Corrosive Bolt
Press: ? - help, Shift-Dir - straight line, f/p - white ugly thing
Aim: a white ugly thing (moderately wounded)
The bolt of acid hits the white ugly thing!
The white ugly thing is splashed with acid.
The acid corrodes the white ugly thing!
The white ugly thing is heavily wounded.
Your ice beast barely misses the white ugly thing. x2
The white ugly thing claws you.
* * * LOW HITPOINT WARNING * * *
The white ugly thing freezes you! You resist.
You die...

.............#.....#.............
......##.....###.................
.............# ##................
.........#...## #.##.............
.........#....# #.#..#........)).
##..........#.# #....#........)).
#..........#.###.###......†.)...
#..........#..#..####..##.......
###........##.Y@.......##.......
#.......##..Yu#......#...##...
###..#.###....# ...####....)..
#.#### #...## #### #....... ###
#.... ..#!...... #...##
#.......<.. ##### ##)#.......
###....... ####....


You could see a white ugly thing and 2 friendly ice beasts.

Vanquished Creatures
  Snorg (D:11)
  Fannar (D:10)
  A two-headed ogre (D:10)
  2 centaur skeletons (D:10)
  A troll (D:10)
  A dream sheep (D:9)
  A wyvern (D:11)
  7 yaks
  2 steam dragons
  2 hungry ghosts
  Menkaure (D:4)
  3 orc warriors
  2 water moccasins
  A sky beast (D:5)
  3 ice beasts
  A black bear (D:8)
  6 ogres
  3 phantoms
  4 centaurs
  4 big kobolds
  A bullfrog (D:7)
  A wyvern skeleton (D:11)
  A scorpion (D:7)
  10 killer bees
  An electric eel (D:9)
  4 howler monkeys
  8 crimson imps
  2 quasits
  2 hounds
  5 jellies
  3 orc wizards
  A bullfrog skeleton (D:8)
  2 orc priests
  An iguana (D:10)
  4 worker ants
  A killer bee zombie (D:8)
  A hound zombie (D:10)
  A hound skeleton (D:8)
  A worker ant zombie (D:6)
  A howler monkey zombie (D:10)
  10 gnolls
  A howler monkey skeleton (D:4)
  6 adders
  3 shadow imps
  An ooze (D:7)
  An adder zombie (D:9)
  2 worms
  7 leopard geckos
  35 orcs
  5 bats
  3 giant cockroaches
  8 goblins
  10 hobgoblins
  10 jackals
  16 kobolds
  4 quokkas
  A ball python (D:1)
  3 frilled lizards
  A jackal zombie (D:6)
  3 quokka skeletons
  12 rats
  A plant (D:9)
241 creatures vanquished.

Vanquished Creatures (collateral kills)
  A hydra (D:9)
  An ugly thing (D:10)
  A centaur skeleton (D:11)
  A dream sheep (D:9)
  A hippogriff (D:7)
  A yak (D:9)
  A centaur (D:6)
  A big kobold (D:9)
  A bullfrog (D:11)
  An orc wizard (D:8)
  A jelly (D:6)
  A worker ant (D:6)
  A gnoll (D:5)
  4 orcs
  A leopard gecko zombie (D:5)
18 creatures vanquished.

Vanquished Creatures (others)
  A bullfrog skeleton (D:7)
1 creature vanquished.

Grand Total: 260 creatures vanquished

Notes
Turn   | Place    | Note
-------+----------+-------------------------------------------
     0 | D:1      | Nagy the Draconian Ice Elementalist began the quest for the
                  | Orb.
     0 | D:1      | Reached XP level 1. HP: 14/14 MP: 3/3
   188 | D:1      | Reached XP level 2. HP: 20/20 MP: 1/5
   714 | D:2      | Reached XP level 3. HP: 25/26 MP: 1/6
   722 | D:2      | Learned a level 3 spell: Ozocubu's Armour
   759 | D:2      | Found an opulent altar of Gozag.
  1814 | D:3      | Reached XP level 4. HP: 14/34 MP: 3/7
  2071 | D:3      | Learned a level 4 spell: Summon Ice Beast
  2342 | D:3      | Reached skill level 3 in Spellcasting
  2342 | D:3      | Reached skill level 5 in Ice Magic
  2707 | D:3      | Reached XP level 5. HP: 37/39 MP: 5/9
  2807 | D:3      | Found a burning altar of Makhleb.
  2926 | D:4      | Found a staircase to the Ecumenical Temple.
  2943 | Temple   | Entered the Ecumenical Temple
  3312 | Temple   | Became a worshipper of Sif Muna the Loreminder
  3356 | D:4      | Noticed Menkaure
  3370 | D:4      | Killed Menkaure
  3631 | D:4      | Noticed a phantom
  3719 | D:4      | Killed a phantom
  3719 | D:4      | Reached skill level 1 in Fighting
  3719 | D:4      | Reached skill level 1 in Maces & Flails
  3719 | D:4      | Reached XP level 6. HP: 19/47 MP: 3/11
  3725 | D:4      | Learned a level 4 spell: Hailstorm
  3928 | D:4      | Reached skill level 4 in Spellcasting
  3996 | D:4      | Found a sacrificial altar of Ru.
  4040 | D:4      | Your scales start taking on a rich purple colour.
  4040 | D:4      | Reached skill level 5 in Spellcasting
  4040 | D:4      | Reached XP level 7. HP: 50/52 MP: 6/15
  4421 | D:5      | Entered Level 5 of the Dungeon
  4426 | D:5      | Found a blossoming altar of Fedhas.
  4470 | D:5      | Found a glowing silver altar of Zin.
  4529 | D:5      | Reached skill level 6 in Spellcasting
  4561 | D:5      | Reached * piety under Sif Muna
  4823 | D:5      | Noticed a +0 dagger
  4824 | D:5      | Noticed a +0 hand axe
  4825 | D:5      | Found a hide-covered altar of Uskayaw.
  5230 | D:5      | Reached XP level 8. HP: 51/60 MP: 3/17
  5261 | D:5      | Found a shadowy altar of Dithmenos.
  5514 | D:6      | Found a stormy altar of Qazlal.
  5549 | D:6      | Found an iron altar of Okawaru.
  5603 | D:6      | Noticed an12's ghost (novice DrIE)
  5605 | D:6      | Noticed a two-headed ogre
  5612 | D:6      | Found a transporter.
  5640 | D:6      | Reached skill level 7 in Spellcasting
  5915 | D:6      | Reached skill level 1 in Summonings
  6256 | D:7      | You fall into a shaft and drop 2 floors!
  6256 | D:9      | Found a shimmering altar of Xom.
  6342 | D:9      | Reached skill level 8 in Spellcasting
  6484 | D:9      | Reached ** piety under Sif Muna
  6803 | D:9      | Reached XP level 9. HP: 55/68 MP: 17/21
  7075 | D:7      | Reached skill level 9 in Spellcasting
  7141 | D:7      | Found a white marble altar of Elyvilon.
  7216 | D:7      | Gained mutation: Your magical capacity is low. (-10% MP)
                  | [potion of mutation]
  7216 | D:7      | Gained mutation: Your mind is acute. (Int +2) [potion of
                  | mutation]
  7216 | D:7      | Gained mutation: You have large cloven feet. [potion of
                  | mutation]
  7216 | D:7      | Gained mutation: Your system is resistant to poisons.
                  | (rPois) [potion of mutation]
  7228 | D:7      | HP: 3/68 [yak (9)]
  7238 | D:7      | HP: 3/68 [poisoned by a killer bee]
  7244 | D:7      | HP: 2/68 [poisoned by a killer bee]
  7830 | D:7      | HP: 2/68 [yak (8)]
  8154 | D:7      | Reached skill level 10 in Spellcasting
  8531 | D:8      | Reached XP level 10. HP: 54/77 MP: 19/21
  9270 | D:8      | Found an ornate altar of the Wu Jian Council.
  9324 | D:8      | Found an ancient bone altar of Kikubaaqudgha.
  9324 | D:8      | Found a snail-covered altar of Cheibriados.
  9399 | D:8      | Found a staircase to the Lair.
  9783 | D:9      | Found a hazy altar of Hepliaklqana.
  9992 | D:9      | Reached *** piety under Sif Muna
  9992 | D:9      | Reached skill level 10 in Ice Magic
 10026 | D:9      | Noticed a three-headed hydra
 10041 | D:9      | Killed a three-headed hydra
 10041 | D:9      | Reached skill level 11 in Spellcasting
 10301 | D:10     | Entered Level 10 of the Dungeon
 10409 | D:10     | Noticed a two-headed ogre
 10420 | D:10     | Killed a two-headed ogre
 11087 | D:10     | Noticed Fannar
 11444 | D:9      | Learned a level 4 spell: Ice Form
 11448 | D:9      | Learned a level 3 spell: Tukima's Dance
 11452 | D:9      | Learned a level 3 spell: Gell's Gravitas
 11456 | D:9      | Learned a level 3 spell: Confuse
 11554 | D:10     | Killed Fannar
 11554 | D:10     | Reached XP level 11. HP: 29/82 MP: 14/24
 11640 | D:10     | Reached skill level 1 in Hexes
 12046 | D:10     | Found a staircase to the Orcish Mines.
 12066 | D:10     | Reached skill level 1 in Short Blades
 12595 | D:11     | Noticed Snorg
 12611 | D:11     | Killed Snorg
 12611 | D:11     | Reached skill level 5 in Dodging
 12611 | D:11     | Reached skill level 12 in Spellcasting
 12611 | D:11     | Reached skill level 1 in Conjurations
 12612 | D:11     | Noticed a brown ugly thing
 12624 | D:10     | Killed a brown ugly thing
 12624 | D:10     | Reached **** piety under Sif Muna
 12766 | D:11     | Noticed a white ugly thing
 12778 | D:11     | HP: 4/82 [white ugly thing (13)]
 12780 | D:11     | Slain by a white ugly thing

Levels and vault maps discovered:
D:1:      dpeg_arrival_water_temple_mockup, layout_basic
D:2:      layout_loops_ring, nicolae_gozag_cash_rules_everything_around_me,
          serial_forest, infiniplex_forest_lined_2,
          infiniplex_forest_lined_4_way, infiniplex_forest_clump_medium,
          infiniplex_forest_lined_3, infiniplex_forest_side_room,
          infiniplex_forest_clump_double, infiniplex_forest_clump_long,
          infiniplex_forest_end_1, infiniplex_forest_lined_4_way,
          infiniplex_forest_clump_long
D:3:      layout_loops_cross, lightli_temple_of_fire, first_ration
D:4:      layout_loops_ring, nicolae_ru_awakened_eye, temple_fountains,
          uniq_menkaure
D:5:      layout_rooms, dancing_weapons_uskayaw, grunt_dithmenos_shadows,
          zin_statuary, fedhas_altar_3
D:6:      layout_rooms, lemuel_coloured_pillars_altar, gammafunk_ghost_smash,
          nicolae_qazlal_general_emergency
D:7:      layout_basic, elyvilon_altar_1
D:8:      layout_basic, lemuel_round_altar, amethyst_overflow_temple_binary,
          dpeg_oklobed_lair
D:9:      layout_gridville, kennysheep_little_box, hangedman_ranch
          [blue_anna_fruit_fields], minivault_14, brannock_xom_greatest_gift
D:10:     minmay_angry_zag, layout_long_grid, orc_0_dummy, st_stairs_1,
          uniq_fannar
D:11:     layout_cave_pools, uniq_snorg
Temple:   compressed_dpeg_triangle_lava_temple

Skill      XL: |  1  2  3  4  5  6  7  8  9 10 11 |
---------------+----------------------------------+-----
Stealth        | 2 |  2.9
Dodging        | 2 3 4 5 |  5.0
Spellcasting   | 3 5 6 8 10 11 12 | 12.1
Ice Magic      | 5 6 7 9 11 | 11.3
Fighting       | 1 2 3 |  3.5
Maces & Flails | 1 2 3 4 |  4.1
Summonings     | 1 2 |  2.4
Hexes          | 1 |  1.0
Short Blades   | 1 |  1.5
Conjurations   | 1 |  1.9
Unarmed Combat | |  0.2
Charms         | |  0.5
Evocations     | |  0.5

Action                   |  1- 3 |  4- 6 |  7- 9 | 10-12 || total
-------------------------+-------+-------+-------+-------++-------
Melee: Dagger            |    19 |       |       |   141 ||   160
       Mace              |    41 |    60 |   152 |    49 ||   302
       Tailslap          |     5 |     3 |    18 |    25 ||    51
       Kick              |       |       |     7 |    43 ||    50
       Falchion          |       |       |       |     2 ||     2
       Unarmed           |       |       |       |     9 ||     9
 Cast: Freeze            |    55 |    71 |   262 |   123 ||   511
       Ozocubu's Armour  |     2 |     1 |     2 |       ||     5
       Summon Ice Beast  |       |       |     6 |    18 ||    24
       Hailstorm         |       |       |     2 |    19 ||    21
       Confuse           |       |       |       |     4 ||     4
       Tukima's Dance    |       |       |       |     2 ||     2
       Gell's Gravitas   |       |       |       |     2 ||     2
       Ice Form          |       |       |       |     1 ||     1
 Abil: Breathe Dispellin |       |       |     3 |     1 ||     4
Evoke: Wand              |       |       |       |     7 ||     7
  Use: Scroll            |     7 |       |     7 |     5 ||    19
       Potion            |     3 |     3 |    10 |     2 ||    18
 Stab: Sleeping          |       |       |       |     3 ||     3
  Eat: Ration            |     1 |     2 |     6 |     7 ||    16
       Chunk             |       |       |     1 |     2 ||     3
Armor: Skin              |    31 |    45 |   169 |   166 ||   411
Dodge: Dodged            |    65 |    72 |   310 |   227 ||   674

Table legend:
 A = Non-vault XP
 B = Vault XP
 C = Vault XP percentage of total XP
 D = Non-vault monster count
 E = Vault monster count
 F = Vault count percentage of total count
                 A         B        C        D         E       F
            +---------+---------+-------+---------+---------+-------
      Total |   10696 |    3928 |  26.9 |     242 |      16 |   6.2
            +---------+---------+-------+---------+---------+-------
        D:1 |      32 |       0 |   0.0 |      20 |       0 |   0.0
        D:2 |      34 |       0 |   0.0 |      12 |       0 |   0.0
        D:3 |     133 |       0 |   0.0 |      33 |       0 |   0.0
        D:4 |     422 |     172 |  29.0 |      14 |       1 |   6.7
        D:5 |     668 |      11 |   1.6 |      23 |       1 |   4.2
        D:6 |     964 |       0 |   0.0 |      19 |       0 |   0.0
        D:7 |    2031 |       0 |   0.0 |      21 |       0 |   0.0
        D:8 |    1170 |       0 |   0.0 |      27 |       0 |   0.0
        D:9 |     846 |    1663 |  66.3 |      20 |       8 |  28.6
       D:10 |    3367 |    1224 |  26.7 |      33 |       5 |  13.2
       D:11 |    1029 |     858 |  45.5 |      20 |       1 |   4.8
            +---------+---------+-------+---------+---------+-------
